 Dungeon Crawl Stone Soup version 0.27-a0-1105-g946c659c87 (webtiles) character file.

Game seed: 15496909041803618402

47168 rjrrt the Cleaver (level 14, -2/111 HPs)
             Began as a Demonspawn Berserker on Apr 30, 2021.
             Was a High Priest of Trog.
             Slain by an orc warrior
             ... wielding a +0 glaive
              (22 damage)
             ... on level 1 of the Orcish Mines.
             The game lasted 00:38:57 (23450 turns).

rjrrt the Cleaver (Demonspawn Berserker)           Turns: 23450, Time: 00:38:58

Health: -2/111     AC: 18    Str: 25    XL:     14   Next: 7%
Magic:  14/14      EV: 15    Int: 15    God:    Trog [*****.]
Gold:   1248       SH:  0    Dex: 13    Spells: 13/13 levels left

rFire    + + +     SeeInvis +   a - +2 war axe (vorpal)
rCold    + + +     Faith    +   (no shield)
rNeg     . . .     Spirit   .   v - +0 swamp dragon scales
rPois    +         Reflect  .   (no helmet)
rElec    .         Harm     .   B - scarf {rC+ rF+}
rCorr    .         Rampage  .   f - +0 pair of gloves
Will     +....                  G - +0 pair of boots
Stlth    +.........             u - amulet of Beutipp {Faith rC++}
HPRegen  0.28/turn              O - ring "Fuagar" {Fly rF++ Str+3 Int+6 SInv}
MPRegen  0.14/turn              i - +4 ring of protection

@: on berserk cooldown, flying, slowed, very slow
A: claws 1, icy blue scales 1, demonic guardian 2, spiny 1
a: Renounce Religion, Berserk, Trog's Hand, Brothers in Arms


You were on level 1 of the Orcish Mines.
You worshipped Trog.
Trog was extremely pleased with you.
You visited 3 branches of the dungeon, and saw 19 of its levels.

You collected 1934 gold pieces.
You spent 686 gold pieces at shops.

Inventory:

Hand Weapons
 a - a +2 vorpal war axe (weapon)
 b - a +3 whip of electrocution
 g - a +1 vorpal glaive
Missiles
 l - 41 poisoned darts (quivered)
 s - 3 throwing nets
Armour
 f - a +0 pair of gloves (worn)
 v - +0 swamp dragon scales (worn)
 B - a scarf of resistance (worn)
 E - a scarf of repulsion
 G - a +0 pair of boots (worn)
Jewellery
 i - a +4 ring of protection (right hand)
 q - a ring of willpower
 u - the amulet of Beutipp (around neck) {Faith rC++}
   (You bought it in a shop on level 6 of the Dungeon)

   [amulet of faith]

   It allows you to gain divine favour quickly.
   It greatly protects you from cold.
 O - the ring "Fuagar" (left hand) {Fly rF++ Str+3 Int+6 SInv}
   (You found it on level 6 of the Lair of Beasts)

   [ring of intelligence]

   It affects your strength (+3).
   It affects your intelligence (+6).
   It greatly protects you from fire.
   It lets you see invisible.
   It grants you flight.
Wands
 e - a wand of digging (7)
 x - a wand of flame (15)
 C - a wand of charming (20)
 D - a wand of mindburst (26)
 F - a wand of polymorph (3)
 K - a wand of iceblast (18)
 M - a wand of paralysis (10)
Scrolls
 c - a scroll of enchant weapon
 j - 5 scrolls of teleportation
 m - 2 scrolls of magic mapping
 p - 3 scrolls of blinking
 w - 5 scrolls of enchant armour
 y - 4 scrolls of immolation
 L - a scroll of fog
 N - a scroll of identify
Potions
 d - 2 potions of haste
 h - 4 potions of attraction
 k - 2 potions of might
 n - 4 potions of curing
 o - a potion of invisibility
 r - 4 potions of heal wounds
 t - a potion of resistance
 I - 2 potions of lignification


   Skills:
 + Level 10.7 Fighting
 * Level 14.8 Axes
 + Level 9.7 Armour
 + Level 9.8 Dodging
 - Level 5.0 Evocations


You had 13 spell levels left.
You didn't know any spells.
Your spell library was empty.

Dungeon Overview and Level Annotations

Branches:
Dungeon (11/15)            Temple (0/1) D:7            Lair (6/6) D:11
  Swamp (0/4) Lair:3       Spider (0/4) Lair:4        Slime (0/5) Lair:6
    Orc (2/2) D:9             Elf (0/3) Orc:2

Altars:
Elyvilon
Okawaru
Qazlal
Ru
Trog
Uskayaw
Zin
Beogh

Shops:
D:3 (   D:5 [   D:6 *   Orc:1 (   Orc:2 [*

Portals:
Trove: D:10 (give 5 scrolls of fear)


Innate Abilities, Weirdness & Mutations

You have sharp fingernails.
You are partially covered in icy blue scales. (AC +2)
A demonic guardian rushes to your aid.
You are partially covered in sharp spines.


Message History

You hit the orc knight but do no damage.
The orc knight is moderately wounded.
You hit the orc warrior.
The orc warrior hits you from afar with a +0 glaive!
The orc knight roars a battlecry!
The orc wizard goes into a battle-frenzy!
The orc warrior hits you from afar with a +0 glaive!
You slash the orc knight!
The orc knight is heavily wounded.
You closely miss the orc warrior. x2
The orc knight hits you with a +2 war axe!
An orc comes into view. It is wielding a +0 dagger.
The orc warrior barely misses you. The orc warrior closely misses you.
The orc warrior is struck by your spines.
The orc warrior closely misses you.
You hit the orc knight.
The orc knight is heavily wounded.
You barely miss the orc priest. You hit the orc warrior.
You slash the orc warrior! You hit the orc warrior.
The orc warrior hits you with a +0 flail!!
An orc comes into view. It is wielding a +0 dagger.
An ogre comes into view. It is wielding a +0 giant club.
The orc priest misses you. The orc knight misses you.
The orc warrior hits you from afar with a +0 glaive!!
* * * LOW HITPOINT WARNING * * *
A demonic guardian appears!
The orc warrior misses you.
The ogre shouts!
You slash the orc knight!
The orc knight is severely wounded.
You slash the orc priest!
You kill the orc priest!
Trog accepts your kill.
You barely miss the orc warrior. You closely miss the orc warrior.
You slash the orc warrior!
The orc knight roars a battlecry!
The orc goes into a battle-frenzy!
An orc comes into view. It is wielding a +0 hand axe.
The orc warrior hits you but does no damage.
The orc warrior hits you from afar with a +0 glaive!!
You die...

# ##
..o......# .#
....o..... ##
#......... #
##.......# #
........## ##
#.o......##
.###
#)o........
.#.## ##
##o@oo# ...
....##
#.##..o.#...O.
..##.#
#....4)#......
...###
##....)##.#...
...#
#.......##...
..##
####.........#
.##
#>........# .#
#.#.......##
.##
#.....#...##


You could see an orc knight, 4 orc warriors, an ogre, an orc wizard (strong), 2
orcs and a friendly orange demon (summoned).

Vanquished Creatures
  The ghost of Itiunn the Blocker, a journeyman DgCj (Lair:5)
  Harold (D:8)
  11 hydras
  A boulder beetle (D:11)
  Erica (Lair:1)
  2 two-headed ogres
  2 death yaks (Lair:6)
  A deep troll shaman (Lair:6)
  A lindwurm (Lair:6)
  Pikel (D:7)
  A wolf spider (Lair:4)
  A deep elf pyromancer (D:11)
  An orc sorcerer (Orc:2)
  2 oklob plants
  6 elephants (Lair:6)
  4 black mambas
  2 rime drakes
  5 cane toads
  Maggie (D:7)
  A kobold demonologist (D:11)
  5 komodo dragons
  4 trolls
  4 polar bears (Lair:6)
  2 tyrant leeches (Lair:3)
  Prince Ribbit (D:5)
  9 blink frogs
  7 dream sheep (Lair:5)
  Sigmund (D:5)
  7 wyverns
  A shadow (D:8)
  A wraith (D:9)
  28 yaks
  2 basilisks
  A death yak simulacrum (Lair:5)
  8 wargs
  Duvessa (D:5)
  A swamp worm (Lair:3)
  12 water moccasins
  2 hydra simulacra (Lair:5)
  7 orc warriors
  A swamp drake (D:9)
  4 black bears
  A boulder beetle simulacrum (Lair:5)
  A black mamba simulacrum (Lair:5)
  15 wolves
  3 ogres
  An ice beast (D:5)
  4 lemures (D:7)
  2 phantoms
  8 centaurs
  8 bullfrogs
  2 water moccasin skeletons
  A jelly (D:6)
  4 wights (D:8)
  7 howler monkeys
  4 centaur zombies
  A hound (D:6)
  10 orc priests
  A bullfrog skeleton (D:5)
  A centaur skeleton (D:4)
  2 iguanas
  10 orc wizards
  A killer bee zombie (D:8)
  A hound zombie (D:5)
  6 adders
  15 gnolls
  A howler monkey skeleton (D:7)
  A shadow imp (D:7)
  3 white imps
  2 ufetubi (D:5)
  An adder skeleton (D:4)
  3 dart slugs
  38 orcs
  8 endoplasms
  3 giant cockroaches
  5 goblins
  3 hobgoblins (D:1)
  14 jackals
  9 quokkas
  8 ball pythons
  5 bats (D:1)
  3 frilled lizards
  13 kobolds
  2 rats
  A bush (Lair:6)
387 creatures vanquished.

Vanquished Creatures (collateral kills)
  A hydra (Lair:2)
  A catoblepas (Lair:6)
  2 death yaks (Lair:6)
  6 elephants
  A rime drake (Lair:6)
  2 komodo dragons
  A troll (D:9)
  A polar bear (Lair:5)
  Grinder (D:3)
  2 yaks (Lair:3)
  An orc warrior (Orc:2)
  2 wolves (Lair:6)
  A centaur (Lair:2)
  A cane toad simulacrum (Lair:5)
  Dowan (D:5)
  A wight (D:8)
  A jelly (D:4)
  A bullfrog skeleton (D:3)
  An orc wizard (D:7)
  A gnoll (D:2)
29 creatures vanquished.

Vanquished Creatures (others)
  An orc priest (D:9)
  31 fungi
  53 plants
85 creatures vanquished.

Grand Total: 501 creatures vanquished

Notes
Turn   | Place    | Note
-------+----------+-------------------------------------------
     0 | D:1      | rjrrt the Demonspawn Berserker began the quest for the Orb.
     0 | D:1      | Reached XP level 1. HP: 18/18 MP: 1/1
    47 | D:1      | Reached skill level 3 in Axes
   316 | D:1      | Gained mutation: A weak demonic guardian rushes to your
                  | aid. [demonic ancestry]
   316 | D:1      | Reached XP level 2. HP: 24/24 MP: 2/2
   512 | D:1      | Gained mutation: A demonic guardian rushes to your aid.
                  | [demonic ancestry]
   512 | D:1      | Reached XP level 3. HP: 20/29 MP: 3/3
   744 | D:1      | Reached ** piety under Trog
   757 | D:1      | Reached skill level 4 in Axes
  1952 | D:2      | Reached XP level 4. HP: 30/35 MP: 4/4
  2608 | D:2      | Reached skill level 5 in Axes
  2847 | D:3      | Reached XP level 5. HP: 26/41 MP: 5/5
  2847 | D:3      | Found a faded altar of an unknown god.
  3287 | D:3      | Found Qec Qyr's Weapon Shop.
  3351 | D:3      | Noticed Grinder
  3359 | D:3      | Killed Grinder
  3360 | D:3      | Reached skill level 6 in Axes
  3360 | D:3      | Gained mutation: You have sharp fingernails. [demonic
                  | ancestry]
  3360 | D:3      | Reached XP level 6. HP: 26/47 MP: 6/6
  4428 | D:4      | Reached skill level 7 in Axes
  4448 | D:4      | Gained mutation: You are partially covered in sharp spines.
                  | [demonic ancestry]
  4448 | D:4      | Reached XP level 7. HP: 52/52 MP: 7/7
  4583 | D:4      | Reached *** piety under Trog
  5354 | D:5      | Entered Level 5 of the Dungeon
  5368 | D:5      | Noticed Sigmund
  5381 | D:5      | Killed Sigmund
  5382 | D:5      | Reached skill level 8 in Axes
  5404 | D:5      | Noticed Prince Ribbit
  5412 | D:5      | Killed Prince Ribbit
  5413 | D:5      | Reached XP level 8. HP: 56/59 MP: 8/8
  5698 | D:5      | Noticed Duvessa
  5715 | D:5      | Killed Duvessa
  5742 | D:5      | Noticed Dowan
  5749 | D:5      | Killed Dowan
  6013 | D:5      | Found Muadd's Antique Armour Boutique.
  6339 | D:6      | Found a sacrificial altar of Ru.
  6433 | D:6      | Reached skill level 9 in Axes
  6914 | D:6      | Found Yvvi's Assorted Antiques.
  6915 | D:6      | Identified the +9 short sword "Loinup" {elec, rN+ Str+3
                  | Int+5}
  6928 | D:6      | Bought a scroll labelled BEZYFF KEDOEGO for 18 gold pieces
  6928 | D:6      | Bought a steaming platinum amulet for 90 gold pieces
  6928 | D:6      | Identified the amulet of Beutipp {Faith rC++} (You bought
                  | it in a shop on level 6 of the Dungeon)
  6928 | D:6      | Bought a scroll labelled VILOICA VAFOI for 18 gold pieces
  7260 | D:7      | Noticed Maggie
  7275 | D:7      | Killed Maggie
  7276 | D:7      | Reached XP level 9. HP: 53/67 MP: 9/9
  7599 | D:7      | Reached **** piety under Trog
  7600 | D:7      | Reached skill level 5 in Fighting
  7716 | D:7      | Noticed Pikel
  7725 | D:7      | Killed Pikel
  7859 | D:7      | Found a bloodstained altar of Trog.
  7861 | D:7      | Found a hide-covered altar of Uskayaw.
  7891 | D:7      | Reached skill level 10 in Axes
  7981 | D:7      | Found an iron altar of Okawaru.
  8145 | D:7      | Found a staircase to the Ecumenical Temple.
  8729 | D:8      | Reached skill level 5 in Armour
  8729 | D:8      | Reached skill level 5 in Dodging
  8888 | D:8      | Noticed a two-headed ogre
  8906 | D:8      | Killed a two-headed ogre
  8907 | D:8      | Reached XP level 10. HP: 76/76 MP: 10/10
  9097 | D:8      | Noticed Harold
  9105 | D:8      | Killed Harold
  9429 | D:9      | Reached skill level 11 in Axes
  9878 | D:9      | Reached ***** piety under Trog
 10474 | D:9      | Found a staircase to the Orcish Mines.
 10663 | D:10     | Entered Level 10 of the Dungeon
 10884 | D:10     | Found a portal to a secret trove of treasure.
 11279 | D:11     | Reached XP level 11. HP: 84/84 MP: 11/11
 11287 | D:11     | Noticed a sixfirhy
 11381 | D:11     | Reached skill level 12 in Axes
 11417 | D:11     | Noticed a deep elf pyromancer
 11710 | D:11     | Killed a deep elf pyromancer
 11768 | D:11     | Noticed a boulder beetle
 11796 | D:11     | Killed a boulder beetle
 12179 | D:11     | Found a staircase to the Lair.
 12223 | D:11     | Received a gift from Trog
 12606 | Lair:1   | Entered Level 1 of the Lair of Beasts
 12819 | Lair:1   | Noticed Erica
 12847 | Lair:1   | Killed Erica
 13100 | Lair:1   | Noticed an eight-headed hydra
 13121 | Lair:1   | Killed an eight-headed hydra
 13633 | Lair:1   | Noticed a seven-headed hydra
 13645 | Lair:1   | Killed a seven-headed hydra
 13646 | Lair:1   | Reached XP level 12. HP: 94/94 MP: 12/12
 13800 | Lair:1   | Reached skill level 1 in Evocations
 14741 | Lair:2   | Noticed a seven-headed hydra
 14752 | Lair:2   | Killed a seven-headed hydra
 15057 | Lair:2   | Found a stormy altar of Qazlal.
 15060 | Lair:2   | Reached skill level 13 in Axes
 15338 | Lair:2   | Noticed a four-headed hydra
 15355 | Lair:2   | Killed a four-headed hydra
 17253 | Lair:3   | Found a staircase to the Swamp.
 17654 | Lair:4   | Found a hole to the Spider Nest.
 17797 | Lair:4   | Found a stormy altar of Qazlal.
 17802 | Lair:4   | Noticed a seven-headed hydra
 17843 | Lair:4   | Killed a seven-headed hydra
 18425 | D:5      | Bought a twisted plate armour for 560 gold pieces
 18425 | D:5      | Identified the +1 plate armour "Put-Me-On" {rF+ rN+ Will-
                  | Stlth+} (You bought it in a shop on level 5 of the Dungeon)
 18675 | Lair:5   | Noticed an eight-headed hydra
 18688 | Lair:5   | Killed an eight-headed hydra
 19128 | Lair:5   | Received a gift from Trog
 19129 | Lair:5   | Gained mutation: You are partially covered in icy blue
                  | scales. (AC +2) [demonic ancestry]
 19129 | Lair:5   | Reached XP level 13. HP: 69/102 MP: 13/13
 19492 | Lair:5   | Found a runed translucent gate.
 19492 | Lair:5   | Found a runed translucent gate.
 19493 | Lair:5   | Found a runed translucent gate.
 19502 | Lair:5   | Noticed Itiunn's ghost (journeyman DgCj)
 19526 | Lair:5   | Killed Itiunn's ghost
 19535 | Lair:5   | Identified the ring of Plog {Wiz Contam rF+ Stlth+}
 20147 | Lair:6   | Entered Level 6 of the Lair of Beasts
 20604 | Lair:6   | Found a staircase to the Slime Pits.
 20636 | Lair:6   | Reached skill level 14 in Axes
 20636 | Lair:6   | Reached skill level 5 in Evocations
 20654 | Lair:6   | Reached skill level 10 in Fighting
 22406 | Lair:6   | Identified the ring "Fuagar" {Fly rF++ Str+3 Int+6 SInv}
 22901 | Orc:1    | Entered Level 1 of the Orcish Mines
 22901 | Orc:1    | Found Vos Biu's Weapon Emporium.
 23004 | Orc:2    | Entered Level 2 of the Orcish Mines
 23011 | Orc:2    | Reached XP level 14. HP: 106/111 MP: 14/14
 23137 | Orc:2    | Found Ennadit's General Store.
 23274 | Orc:2    | Found Hiyced's Armour Emporium.
 23290 | Orc:2    | Found a staircase to the Elven Halls.
 23450 | Orc:1    | Slain by an orc warrior

Illustrated notes

Levels and vault maps discovered:
D:1:      matt_arrival_refuge, layout_basic, minmay_misc_feat_four_crosses,
          minmay_hexomino_c4
D:2:      minmay_wonky_spiral, layout_basic
D:3:      layout_basic, basic_ecumenical_altar, serial_shops, shop, uniq_grinder
D:4:      minmay_general_purpose_star, layout_loops_ring, serial_glass,
          glass_columns_c, glass_columns_a, glass_columns_a, glass_columns_b,
          glass_columns_b, glass_columns_a, glass_columns_a, glass_columns_a,
          due_unseen_surprise
D:5:      layout_gridville, serial_shops, kennysheep_little_box, uniq_duvessa,
          uniq_sigmund, uniq_prince_ribbit1
D:6:      layout_basic, nicolae_ru_awakened_eye, serial_shops,
          nicolae_shop_window_shopping, kennysheep_generic_room_15
D:7:      layout_basic, okawaru_ov_weapons_minmay, jmf_multi_god_temple,
          minmay_temple_entry_gardened_gates, uniq_maggie, uniq_pikel
D:8:      layout_rooms, kennysheep_mini, uniq_harold
D:9:      layout_cave_pools, elyvilon_altar_1, erik_orc_1
D:10:     layout_rooms, trove_entry_hex_spiral, chequers_serial_rivers_micro_d
D:11:     layout_rooms, erik_lair_orcish_takeover,
          chequers_serial_rivers_micro_b
Lair:1:   layout_cave_pods, grunt_megastairs_3, minmay_lair_oklob_chamber,
          uniq_erica
Lair:2:   layout_regular_city, lemuel_centaur_altar
Lair:3:   layout_chaotic_city, minmay_swamp_entry_worms
Lair:4:   layout_cave_shapes, spider_nest_entry_rubble, basic_altar
Lair:5:   layout_cave_pods, gammafunk_ghost_necromancy, serial_bayou_shore_b
Lair:6:   grunt_lair_end_beastmaster, layout_cave_pods, slime_dummy, uniq_nessos
Orc:1:    layout_diamond_mine, serial_shops, shop, basic_altar
Orc:2:    grunt_orc_cross, layout_caves, serial_shops, nicolae_shop_stone, shop,
          shop, nicolae_shop_window_shopping

Skill      XL: |  1  2  3  4  5  6  7  8  9 10 11 12 13 |
---------------+----------------------------------------+-----
Axes           | 3 4 5 6 7 8 9 10 11 12 13 14 | 14.8
Armour         | 2 3 5 6 7 8 9 |  9.7
Dodging        | 2 3 5 6 7 8 9 |  9.8
Fighting       | 4 6 7 8 9 10 | 10.7
Evocations     | 4 5 |  5.0

Action                   |  1- 3 |  4- 6 |  7- 9 | 10-12 | 13-15 || total
-------------------------+-------+-------+-------+-------+-------++-------
Melee: Hand axe          |   116 |   130 |   231 |       |       ||   477
       War axe           |       |       |    42 |   455 |   278 ||   775
       Whip              |       |       |       |    70 |    44 ||   114
Throw: Dart              |       |       |    10 |    11 |     2 ||    23
Invok: Berserk           |     1 |     4 |     7 |    14 |     4 ||    30
       Brothers in Arms  |       |       |       |     3 |     5 ||     8
Evoke: Wand              |       |       |       |    14 |     4 ||    18
  Use: Scroll            |     6 |     3 |     6 |     8 |     3 ||    26
 Stab: Distracted        |       |       |       |     1 |     4 ||     5
Armor: Animal skin       |     2 |       |       |       |       ||     2
       Ring mail         |    36 |    41 |   118 |    22 |       ||   217
       Swamp dragon scal |       |       |       |   182 |   138 ||   320
Dodge: Dodged            |    72 |    61 |   141 |   419 |   273 ||   966

Table legend: (Time is in decaauts)
 A = Elapsed time spent in this place.
 B = Non-inter-level travel time spent in this place.
 C = Inter-level travel time spent in this place.
 D = Time resting spent in this place.
 E = Time spent auto-exploring this place.
 F = Levels seen in this place.
 G = Mean time per level.
                   A        B        C        D        E       F      G
               +--------+--------+--------+--------+--------+-----+--------+
         Total |  23559 |  22381 |   1178 |   4134 |  14013 |  19 | 1239.9 |
       Dungeon |  13082 |  12450 |    632 |   2093 |   8020 |  11 | 1189.3 |
          Lair |   9944 |   9419 |    525 |   2040 |   5811 |   6 | 1657.3 |
  Orcish Mines |    533 |    514 |     19 |      0 |    182 |   2 |  266.5 |
               +--------+--------+--------+--------+--------+-----+--------+

Top non-repeatable levels by time:
  Lair:6: 2198 daAuts
  Lair:1: 2169 daAuts
  Lair:5: 1886 daAuts
  Lair:2: 1515 daAuts
     D:3: 1465 daAuts
     D:7: 1458 daAuts
     D:1: 1441 daAuts
  Lair:3: 1384 daAuts
     D:2: 1332 daAuts
     D:9: 1300 daAuts
    D:10: 1245 daAuts
     D:4: 1174 daAuts
     D:6: 1040 daAuts
     D:5: 984 daAuts
     D:8: 843 daAuts
